 Dungeon Crawl Stone Soup version bcrawl-1.27.1d (webtiles) character file.

Game seed: 11878430758993702284

242085 Freyura the Skirmisher (level 8, -5/63 HPs)
             Began as a Demonspawn Gladiator on July 21, 2020.
             Was an Initiate of Ashenzari.
             Slain by Pikel
             ... wielding a +2 whip of electrocution
              (16 damage)
             ... on level 6 of the Dungeon.
             The game lasted 00:19:21 (5211 turns).

Freyura the Skirmisher (Demonspawn Gladiator)       Turns: 5211, Time: 00:19:21

Health: -5/63      AC: 16    Str: 15    XL:     8   Next: 42%
Magic:  8/8        EV: 14    Int:  9    God:    Ashenzari [......]
Gold:   427        SH:  0    Dex: 20    Spells: 7/7 levels left

rFire    . . .     SeeInvis .   a - +3 quarterstaff (curse)
rCold    + . .     Gourm    .   (shield currently unavailable)
rNeg     . . .     Faith    .   v - +0 ring mail
rPois    .         Spirit   .   (helmet restricted)
rElec    .         Reflect  .   (no cloak)
rCorr    .         Harm     .   b - +2 pair of gloves {Dex+3} (curse)
MR       .....                  o - +0 pair of boots (curse)
Stlth    +.........             (no amulet)
HPRegen  0.20/turn              s - +5 ring of protection (curse)
MPRegen  0.11/turn              (no ring)

@: no status effects
A: antennae 1, hooves 1, cold resistance 1, powered by pain 1, shaggy fur 1,
evolution 1, freezing cloud immunity
a: Curse Item, Renounce Religion


You were on level 6 of the Dungeon.
You worshipped Ashenzari.
Ashenzari was noncommittal.
You were hungry.

You visited 2 branches of the dungeon, and saw 7 of its levels.
You also visited: Ossuary.

You collected 427 gold pieces.

Inventory:

Hand Weapons
 a - a cursed +3 quarterstaff (weapon)
Missiles
 d - 3 throwing nets {=f}
Armour
 b - a cursed +2 pair of gloves of dexterity (worn)
 m - a +0 pair of gloves
 o - a cursed +0 pair of boots (worn)
 v - a +0 ring mail (worn)
Jewellery
 n - a cursed ring of fire
 s - a cursed +5 ring of protection (left hand)
Wands
 h - a wand of paralysis (6)
 q - a wand of polymorph (7)
 y - a wand of iceblast (12)
Scrolls
 c - 2 scrolls of immolation
 g - 2 scrolls of identify
 j - 6 scrolls of remove curse
 k - a scroll of fog
 x - 2 scrolls of enchant armour
Potions
 f - 2 potions of resistance
 i - 2 potions of curing
 l - 2 potions of flight
 p - a potion of haste
 w - 2 potions of invisibility {unknown}
 z - a potion of magic {unknown}
 A - 3 potions of degeneration {unknown}
 B - 2 potions of might {unknown}
 C - a potion of ambrosia {unknown}
 D - a potion of lignification {unknown}
 F - a potion of mutation
Comestibles
 e - 16 rations {!d}


   Skills:
 + Level 5.5 Fighting
 + Level 5.4 Staves
 - Level 1.7 Throwing
 + Level 4.5 Armour
 + Level 5.4 Dodging


You had 7 spell levels left.
You didn't know any spells.
Your spell library contained the following spells:

 Spells                   Type           Power        Failure   Level  Hunger
 Sandblast                Erth           #.....       58%         1    None
 Passwall                 Tmut/Erth      #.......     75%         2    ####...
 Stone Arrow              Conj/Erth      #.....       92%         3    #####..
 Petrify                  Tmut/Erth      #.........   100%        4    ######.
 Lee's Rapid Deconstruct  Erth           #.........   100%        5    #######


Dungeon Overview and Level Annotations

Branches:
Dungeon (6/12)             Temple (1/1) D:5

Altars:
Ashenzari
Fedhas
Gozag
Hepliaklqana
Kikubaaqudgha
Lugonu
Nemelex Xobeh
Okawaru
Qazlal
Trog
Uskayaw
Wu Jian
Xom
Zin
The Shining One

Annotations:
D:6 Pikel, Sigmund


Innate Abilities, Weirdness & Mutations

You have a pair of small antennae on your head.
You have large cloven feet.
Your flesh is cold resistant. (rC+)
You sometimes gain a little power by taking damage.
You are immune to freezing clouds.
You are covered in fur. (AC +1)
You evolve.


Message History

The slave closely misses you. The slave hits you but does no damage.
Pikel hits you with a +2 whip of electrocution!
The slave hits you but does no damage. The slave misses you.
You hit Pikel.
Pikel is severely wounded.
The slave hits you. The slave barely misses you.
Pikel hits you with a +2 whip of electrocution!
* * * LOW HITPOINT WARNING * * *
The slave barely misses you. The slave closely misses you. x2
You hit Pikel but do no damage.
Pikel is severely wounded.
The slave hits you but does no damage. Pikel closely misses you.
The slave closely misses you. x2; Sigmund hits you but does no damage.
The slave hits you.
* * * LOW HITPOINT WARNING * * *
You hit Pikel.
Pikel is almost dead.
The slave hits you but does no damage. Pikel hits you but does no damage.
You are electrocuted!
You die...

##########
.....(p..#
)....hp@.+
.....hKpp#
......@l.#
.........#
..........
...........
...........
............


You could see Pikel, Sigmund, 4 slaves, an iguana and 2 jackals.

Vanquished Creatures
  A hippogriff (D:4)
  Menkaure (Ossuary)
  Edmund (D:5)
  A sky beast (D:3)
  A phantom (D:3)
  2 ogres
  2 howler monkeys
  A crimson imp (D:5)
  A hound (D:3)
  A bullfrog skeleton (D:4)
  A centaur skeleton (D:5)
  A gnoll shaman (D:5)
  2 orc wizards (D:3)
  4 iguanas
  5 worker ants
  A killer bee zombie (D:5)
  3 mummies (Ossuary)
  3 gnolls (D:5)
  6 adders
  2 shadow imps (D:5)
  3 adder skeletons
  3 dart slugs
  A leopard gecko (D:1)
  12 orcs
  6 bats
  2 giant cockroaches (D:1)
  6 goblins
  7 hobgoblins
  15 jackals
  3 quokkas
  A ball python (D:3)
  2 frilled lizards
  3 gnoll skeletons (Ossuary)
  A gnoll zombie (Ossuary)
  A goblin skeleton (Ossuary)
  2 goblin zombies (Ossuary)
  A hobgoblin skeleton (Ossuary)
  3 hobgoblin zombies (Ossuary)
  A jackal zombie (D:5)
  7 kobolds
  2 kobold skeletons (Ossuary)
  2 kobold zombies (Ossuary)
  An orc skeleton (Ossuary)
  4 orc zombies (Ossuary)
  7 rats
  3 rat skeletons (Ossuary)
  2 rat zombies (Ossuary)
141 creatures vanquished.

Vanquished Creatures (others)
  An adder skeleton (D:3)
  A gnoll zombie (Ossuary)
  A gnoll skeleton (Ossuary)
  4 goblin skeletons (Ossuary)
  2 hobgoblin skeletons (Ossuary)
  A hobgoblin zombie (Ossuary)
  A kobold skeleton (Ossuary)
  3 kobold zombies (Ossuary)
  3 orc skeletons (Ossuary)
  3 orc zombies (Ossuary)
  3 rat skeletons (Ossuary)
  3 rat zombies (Ossuary)
26 creatures vanquished.

Grand Total: 167 creatures vanquished

Notes
Turn   | Place    | Note
-------+----------+-------------------------------------------
     0 | D:1      | Freyura the Demonspawn Gladiator began the quest for the
                  | Orb.
     0 | D:1      | Reached XP level 1. HP: 16/16 MP: 1/1
    97 | D:1      | Gained mutation: Your flesh is cold resistant. (rC+)
                  | [demonic ancestry]
    97 | D:1      | Reached XP level 2. HP: 17/22 MP: 2/2
   100 | D:1      | Found a blossoming altar of Fedhas.
   776 | D:2      | Reached skill level 1 in Armour
   872 | D:2      | Reached XP level 3. HP: 28/28 MP: 3/3
   922 | D:2      | Found a shimmering altar of Xom.
  1428 | D:3      | Found an ancient bone altar of Kikubaaqudgha.
  1444 | D:3      | Gained mutation: You sometimes gain a little power by
                  | taking damage. [demonic ancestry]
  1444 | D:3      | Reached XP level 4. HP: 22/34 MP: 4/4
  1810 | D:3      | Gained mutation: You have large cloven feet. [demonic
                  | ancestry]
  1810 | D:3      | Reached XP level 5. HP: 18/41 MP: 5/5
  2328 | D:4      | Noticed a sky beast
  2370 | D:3      | Killed a sky beast
  2370 | D:3      | Reached XP level 6. HP: 5/48 MP: 6/6
  2637 | D:4      | Noticed a hippogriff
  2755 | D:4      | Killed a hippogriff
  2755 | D:4      | Gained mutation: You have a pair of small antennae on your
                  | head. [demonic ancestry]
  2755 | D:4      | Reached XP level 7. HP: 41/55 MP: 7/7
  3142 | D:4      | Found a blossoming altar of Fedhas.
  3325 | D:4      | Found an iron altar of Okawaru.
  3406 | D:5      | Entered Level 5 of the Dungeon
  3507 | D:5      | Found a sand-covered staircase.
  3522 | Ossuary  | Entered an ossuary
  3563 | Ossuary  | Reached skill level 5 in Staves
  3788 | Ossuary  | Noticed Menkaure
  3796 | Ossuary  | Killed Menkaure
  3796 | Ossuary  | Reached skill level 5 in Dodging
  3796 | Ossuary  | Gained mutation: You are immune to freezing clouds.
                  | [demonic ancestry]
  3796 | Ossuary  | Reached XP level 8. HP: 24/61 MP: 8/8
  3805 | Ossuary  | Reached skill level 5 in Fighting
  3921 | Ossuary  | Gained mutation: You are covered in fur. (AC +1) [potion of
                  | mutation]
  3921 | Ossuary  | Gained mutation: You evolve. [potion of mutation]
  4204 | D:5      | Found a staircase to the Ecumenical Temple.
  4204 | D:5      | Noticed Edmund
  4229 | D:5      | Killed Edmund
  4349 | Temple   | Entered the Ecumenical Temple
  4430 | Temple   | Became a worshipper of Ashenzari the Shackled
  4550 | D:5      | Found an opulent altar of Gozag.
  5202 | D:6      | Noticed Pikel
  5204 | D:6      | Noticed Sigmund
  5211 | D:6      | Slain by Pikel

Skill      XL: |  1  2  3  4  5  6  7  8 |
---------------+-------------------------+-----
Dodging        | 3 4 5 |  5.4
Staves         | 3 4 5 |  5.4
Armour         | 1 2 3 4 |  4.5
Fighting       | 3 4 5 |  5.5
Throwing       | |  1.7

Action                   |  1- 3 |  4- 6 |  7- 9 || total
-------------------------+-------+-------+-------++-------
Melee: Quarterstaff      |   100 |   183 |   303 ||   586
       Unarmed           |       |    10 |       ||    10
Invok: Curse Item        |       |       |     3 ||     3
  Use: Scroll            |     3 |       |    14 ||    17
       Potion            |       |     2 |     2 ||     4
 Stab: Sleeping          |     1 |       |       ||     1
  Eat: Chunk             |     4 |    10 |    12 ||    26
       Ration            |       |       |     1 ||     1
Armor: Leather armour    |    56 |    14 |       ||    70
       Ring mail         |       |   120 |   131 ||   251
       Skin              |       |     1 |       ||     1
Dodge: Dodged            |   102 |   188 |   193 ||   483
